 Dungeon Crawl Stone Soup version 0.20.1-1-g8b1a95d (webtiles) character file.

36 Gerstahl the Slasher (level 3, -8/33 HPs)
             Began as a Naga Skald on Nov 28, 2017.
             Mangled by a worm (9 damage)
             ... on level 2 of the Dungeon.
             The game lasted 00:01:47 (1256 turns).

Gerstahl the Slasher (Naga Skald)                   Turns: 1256, Time: 00:01:48

Health: -8/33      AC:  2    Str: 14    XL:     3   Next: 37%
Magic:  4/6        EV:  9    Int: 13    God:
Gold:   65         SH:  0    Dex: 10    Spells: 5/6 levels left

rFire    . . .     SeeInvis +   a - +0 falchion
rCold    . . .     Gourm    .   (no shield)
rNeg     . . .     Faith    .   b - +0 leather armour
rPois    +         Spirit   .   (no helmet)
rElec    .         Reflect  .   (no cloak)
rCorr    .         Harm     .   (no gloves)
MR       .....                  (no barding)
Stlth    +.........             (no amulet)
Regen    0.2/turn               (no ring)
MPRegen  0.1/turn               (no ring)

@: short of breath, infused, very slow
A: see invisible, deformed body, poison resistance, slowness 2, slow metabolism
1, spit poison 1, AC +1
a: Spit Poison


You were on level 2 of the Dungeon.
You were hungry.

You visited 1 branch of the dungeon, and saw 2 of its levels.

You collected 65 gold pieces.

Inventory:

Hand Weapons
 a - a +0 falchion (weapon)
Armour
 b - a +0 leather armour (worn)
Jewellery
 i - a +3 ring of intelligence {unknown}
 l - an uncursed ring of positive energy {unknown}
Scrolls
 e - 3 scrolls of teleportation {unknown}
 f - 2 scrolls of noise {unknown}
 h - 3 scrolls of identify {unknown}
Potions
 g - a potion of mutation {unknown}
 j - a potion of degeneration {unknown}
Books
 c - a book of Battle

   Spells                             Type                      Level
   a - Infusion                       Charms                       1
   b - Shroud of Golubria             Charms/Translocation         2
   c - Song of Slaying                Charms                       2
   d - Spectral Weapon                Hexes/Charms                 3
   e - Regeneration                   Charms/Necromancy            3
Comestibles
 d - 2 bread rations
 k - 3 fruits
 m - 2 chunks of flesh


   Skills:
 + Level 2.7 Fighting
 + Level 3.1 Long Blades
 - Level 0.7 Armour
 - Level 1.5 Dodging
 + Level 0.4 Stealth
 - Level 2.0 Spellcasting
 - Level 3.0 Charms


You had 5 spell levels left.
You knew the following spells:

 Your Spells              Type           Power        Failure   Level  Hunger
a - Infusion              Chrm           #...         10%         1    ##.....


Dungeon Overview and Level Annotations

Branches:
Dungeon (2/15)

Altars:


Innate Abilities, Weirdness & Mutations

You cannot wear boots.
Your serpentine skin is tough. (AC +1)
You have supernaturally acute eyesight. (SInv)
Armour fits poorly on your strangely shaped body.
Your system is resistant to poisons. (rPois)
You cover ground very slowly.
You have a slow metabolism.
You can spit poison.


Message History

The worm is moderately wounded.
You hit the worm.
The worm is heavily wounded.
The worm bites you!
* * * LOW HITPOINT WARNING * * *
Casting: Infusion
Confirm with . or Enter, or press ? or * to list all spells.
You begin infusing your attacks with magical energy.
You have got your breath back.
The worm barely misses you.
Unknown command.
Press: ? - help, Shift-Dir - straight line, f/p - worm
Aim: a worm (heavily wounded)
The splash of poison hits the worm.
The worm appears unharmed.
The worm is heavily wounded.
You feel slightly more hungry.
You hit the worm.
The worm is heavily wounded.
The worm bites you!
You die...

#.#...#.#
#.#.[.#.#
##......######
#......##....##
#.###.##......##
#.###.#..♣.♣♣..#
###.#...'...♣.♣..+
>.......'..♣.♣...+
.#......#..♣♣.♣w@#
...##...##...†..##
.........##....##
..####..########
..# #<.# .... ....
....#.$... ..###
...


You could see a worm.

Vanquished Creatures
  An adder (D:2)
  An ooze (D:1)
  2 worms (D:2)
  A leopard gecko (D:2)
  A giant cockroach (D:2)
  2 hobgoblins (D:1)
  2 bats (D:1)
  3 frilled lizards
  A kobold (D:1)
  7 rats
21 creatures vanquished.

Notes
Turn   | Place    | Note
-------+----------+-------------------------------------------
     0 | D:1      | Gerstahl the Naga Skald began the quest for the Orb.
     0 | D:1      | Reached XP level 1. HP: 19/19 MP: 3/3
   121 | D:1      | Reached XP level 2. HP: 26/27 MP: 5/5
   992 | D:2      | Reached XP level 3. HP: 22/33 MP: 6/6
  1253 | D:2      | HP: 1/33 [worm (10)]
  1256 | D:2      | Mangled by a worm

Skill      XL: |  1  2  3 |
---------------+----------+-----
Long Blades    | 3 |  3.1
Fighting       | |  2.7
Armour         | |  0.7
Dodging        | |  1.5
Stealth        | |  0.4
Spellcasting   | |  2.0
Charms         | |  3.0

Action                   || total
-------------------------++-------
Melee: Falchion          ||    55
 Cast: Infusion          ||     2
 Abil: Spit Poison       ||     9
Armor: Leather armour    ||    14
Dodge: Dodged            ||    40
       Rpst.: Falchion   ||    13
